 Dungeon Crawl Stone Soup version 0.30-a0-329-g85436e0a43 (webtiles) character file.

Game seed: 17649596907543324544

644 lunkers the Destroyer (level 8, -17/61 HPs)
             Began as a Meteoran Conjurer on Oct 28, 2022.
             Was a Follower of Vehumet.
             Killed from afar by a gargoyle (22 damage)
             ... with a stone arrow
             ... on level 5 of the Dungeon.
             The game lasted 00:09:10 (1669 turns).

lunkers the Destroyer (Meteoran Conjurer)           Turns: 1669, Time: 00:09:10

Health: -17/61     AC:  4    Str:  8    XL:     8   Next: 8%
Magic:  8/17       EV: 13    Int: 22    God:    Vehumet [*.....]
Gold:   244        SH:  0    Dex: 19    Spells: 14/18 levels left

rFire   . . .      SeeInvis .    p - +2 dagger (speed)
rCold   . . .      Faith    .    (no shield)
rNeg    . . .      Spirit   .    a - +0 robe
rPois   .          Reflect  .    (no helmet)
rElec   .          Harm     .    (no cloak)
rCorr   .          Rampage  .    d - +0 pair of gloves
Will    +....                    l - +0 pair of boots
Stlth   +.........               (no amulet)
HPRegen 0.30/turn                e - +6 ring of dexterity
MPRegen 0.15/turn                o - +4 ring of slaying

@: glowing
A: sense surroundings 1, otherworldly, glowing, explore regen
a: Renounce Religion


You were on level 5 of the Dungeon.
You worshipped Vehumet.
Vehumet was aware of your devotion.
You visited 1 branch of the dungeon, and saw 5 of its levels.

You collected 244 gold pieces.

Inventory:

Hand Weapons
 p - a +2 dagger of speed (weapon)
Armour
 a - a +0 robe (worn)
 d - a +0 pair of gloves (worn)
 k - the +6 ring mail of Lugonu's Supremacy {rF- rC+++ Dex-5}
   (You found it on level 2 of the Dungeon)

   Dex:       It affects your dexterity (-5).
   rF:        It makes you vulnerable to fire.
   rC:        It renders you almost immune to cold.
 l - a +0 pair of boots (worn)
Magical Staves
 t - a staff of earth
Jewellery
 e - a +6 ring of dexterity (left hand)
 o - a +4 ring of slaying (right hand)
Scrolls
 f - a scroll of blinking {unknown}
 g - 2 scrolls of fear {unknown}
 h - 2 scrolls of poison {unknown}
 j - 2 scrolls of teleportation {unknown}
 n - 2 scrolls of brand weapon {unknown}
 q - a scroll of amnesia {unknown}
 v - a scroll of identify {unknown}
Potions
 b - a potion of magic
 c - 5 potions of curing {unknown}
 i - 3 potions of haste {unknown}
 m - 2 potions of berserk rage {unknown}
 r - a potion of brilliance {unknown}
 s - a potion of attraction {unknown}
 u - 2 potions of heal wounds {unknown}


   Skills:
 + Level 2.0 Fighting
 + Level 3.4 Dodging
 - Level 1.4 Stealth
 + Level 5.6 Spellcasting
 * Level 8.7 Conjurations


You had 14 spell levels left.
You knew the following spells:

 Your Spells              Type           Power      Damage    Failure   Level
a - Magic Dart            Conj           100%       1d8       1%          1
b - Searing Ray           Conj           88%        2d7       1%          2
c - Foxfire               Conj/Fire      100%       2x1d9     1%          1

Your spell library contained the following spells:

 Spells                   Type           Power      Damage    Failure   Level
 Kiss of Death            Conj/Necr      100%       2d13      1%          1
 Dazzling Flash           Conj/Hex       50%        N/A       4%          3
 Slow                     Hex            24%        N/A       10%         1
 Sting                    Tmut/Pois      24%        1d4       10%         1
 Poisonous Vapours        Pois/Air       12%        N/A       14%         2
 Fulminant Prism          Conj/Hex       12%        3d9       16%         4
 Iskenderun's Mystic Bla  Conj/Tloc      25%        2d7       16%         4
 Sticky Flame             Conj/Fire      25%        2d5       16%         4
 Cause Fear               Hex            3%         N/A       67%         4
 Olgreb's Toxic Radiance  Pois           6%         N/A       67%         4


Dungeon Overview and Level Annotations

Branches:
Dungeon (5/15) Zot: 1331   Temple (0/1) D:4

Altars:
Cheibriados
Ru
Sif Muna
Trog
Uskayaw
Vehumet
Xom
Yredelemnul


Innate Abilities, Weirdness & Mutations

You passively map a small area around you.
You are easily found by Zot.
You glow in the dark.
You regain HP and MP as you explore.


Message History

The searing ray hits the scorpion!
You kill the scorpion!
Vehumet accepts your kill.
The searing ray hits the gargoyle.
The gargoyle is moderately damaged.
You finish channelling your searing ray.
The gargoyle hurls a stone arrow at you.
The stone arrow hits you!
* * * LOW HITPOINT WARNING * * *
You have reached level 8!
Unknown command.
Casting: Searing Ray (safe; 1% risk of failure)
Confirm with . or Enter, or press ? or * to list all spells.
Aiming: Searing Ray (safe; 1% risk of failure)
Press: ? - help, Shift-Dir - straight line, f/p - gargoyle
Aim: a gargoyle, wielding a +0 dire flail of protection (moderately damaged, 91% to hit)
The searing ray hits the shadow imp!
The shadow imp is almost dead.
The searing ray hits the gargoyle but does no damage.
The gargoyle is moderately damaged. (Press . to maintain the ray.)
The shadow imp hits you.
* * * LOW HITPOINT WARNING * * *
Unknown command.
The searing ray hits the shadow imp.
You kill the shadow imp!
Vehumet accepts your kill.
The searing ray hits the gargoyle but does no damage.
The gargoyle is moderately damaged.
The gargoyle hurls a stone arrow at you.
The stone arrow hits you!
* * * LOW HITPOINT WARNING * * *
Your Fighting skill increases to level 2!
Unknown command.
Unknown command.
The searing ray hits the gargoyle.
The gargoyle is heavily damaged.
The gargoyle hurls a stone arrow at you.
The stone arrow hits you!!
You die...

*#.# *
*#...####.####)#.#
, ...
#.............#.#
#####
#..#..##........#
* #....
#..##...#####.#.#
** #.....#..#*##.#
###.#.# ,
#.....#..#
#..##...#.## ,
.........#
#.##.###... *
..#####.##
#....###..# * #@#
###>......# * #†#
######..# ** .9.
#######..# , ,
....., ..........
,* ......#
,,...####.## ,
.......# , #.# *
#.......# #.# ,
#.......# , #.## *
, ,,* #...


You could see a gargoyle.

Vanquished Creatures
  Prince Ribbit (D:5)
  A necrophage (D:4)
  2 scorpions
  An iguana (D:5)
  An orc wizard (D:5)
  7 adders
  4 gnolls
  A shadow imp (D:5)
  A worm (D:2)
  3 dart slugs
  10 orcs
  3 bats
  5 endoplasms
  5 giant cockroaches
  6 goblins
  A hobgoblin (D:3)
  6 jackals
  5 quokkas
  4 ball pythons
  A frilled lizard (D:1)
  7 kobolds
  2 rats
77 creatures vanquished.

Vanquished Creatures (others)
  42 foxfires
42 creatures vanquished.

Grand Total: 119 creatures vanquished

Notes
Turn   | Place    | Note
-------+----------+-------------------------------------------
     0 | D:1      | lunkers the Meteoran Conjurer began the quest for the Orb.
     0 | D:1      | Reached XP level 1. HP: 14/14 MP: 5/5
   101 | D:1      | Reached skill level 5 in Conjurations
   101 | D:1      | Reached XP level 2. HP: 20/20 MP: 4/7
   193 | D:1      | Learned a level 2 spell: Searing Ray
   229 | D:1      | Reached XP level 3. HP: 26/26 MP: 6/8
   307 | D:2      | Identified the +6 ring mail of Lugonu's Supremacy {rF-
                  | rC+++ Dex-5}
   366 | D:2      | Reached XP level 4. HP: 32/33 MP: 0/10
   385 | D:2      | Reached skill level 6 in Conjurations
   502 | D:2      | Reached XP level 5. HP: 34/38 MP: 8/11
   503 | D:2      | Got the Incunabulum of the Spellbinding Summer
   508 | D:2      | Learned a level 1 spell: Foxfire
   914 | D:3      | Found a shimmering blue altar of Sif Muna.
   916 | D:3      | Found a shimmering altar of Xom.
   917 | D:3      | Found a hide-covered altar of Uskayaw.
   925 | D:3      | Found a radiant altar of Vehumet.
   933 | D:3      | Became a worshipper of Vehumet
   939 | D:3      | Found a snail-covered altar of Cheibriados.
   992 | D:3      | Found a faded altar of an unknown god.
  1068 | D:3      | Reached skill level 7 in Conjurations
  1068 | D:3      | Reached XP level 6. HP: 42/45 MP: 3/13
  1134 | D:3      | Found a basalt altar of Yredelemnul.
  1270 | D:4      | Found a staircase to the Ecumenical Temple.
  1359 | D:4      | Found a bloodstained altar of Trog.
  1359 | D:4      | Found a sacrificial altar of Ru.
  1370 | D:4      | Reached skill level 5 in Spellcasting
  1370 | D:4      | Reached XP level 7. HP: 50/50 MP: 8/15
  1389 | D:5      | Entered Level 5 of the Dungeon
  1396 | D:5      | Reached * piety under Vehumet
  1396 | D:5      | Offered knowledge of Kiss of Death by Vehumet.
  1397 | D:5      | Reached skill level 8 in Conjurations
  1618 | D:5      | Noticed Prince Ribbit
  1638 | D:5      | Killed Prince Ribbit
  1639 | D:5      | Reached skill level 1 in Fighting
  1660 | D:5      | Noticed a gargoyle
  1667 | D:5      | Reached XP level 8. HP: 18/61 MP: 11/17
  1669 | D:5      | Killed from afar by a gargoyle

Illustrated notes

Levels and vault maps discovered:
D:1:      heliophobic_arrival_glass_houses, layout_basic,
          hangedman_decor_diamond_cutter
D:2:      layout_rooms, minmay_goblin_kobold_house
D:3:      layout_rooms, minmay_overflow_temple_star_hex,
          mainiacjoe_overflow_surrounded_room, hellmonk_ecumenical_altar_blasted
D:4:      layout_cave_pools, mainiacjoe_overflow_large_starburst,
          nemelex_diamond_rough_becter, minmay_temple_entry_statues_fountains
D:5:      layout_basic, overflow_temple_1_default, chequers_mini_garden,
          palyth_stone_intersect, serial_bayou_pond_c, uniq_prince_ribbit1

Skill      XL: |  1  2  3  4  5  6  7  8 |
---------------+-------------------------+-----
Spellcasting   | 3 4 5 |  5.6
Conjurations   | 5 6 7 8 |  8.7
Fighting       | 1 2 |  2.0
Dodging        | 3 |  3.4
Stealth        | |  1.4

Action                   |  1- 3 |  4- 6 |  7- 9 || total
-------------------------+-------+-------+-------++-------
Melee: Unarmed           |       |     1 |       ||     1
       Dagger            |       |     1 |       ||     1
 Cast: Magic Dart        |    36 |   113 |     3 ||   152
       Searing Ray       |       |     3 |     3 ||     6
       Foxfire           |       |    13 |    14 ||    27
Armor: Robe              |     2 |    14 |     1 ||    17
Dodge: Dodged            |     4 |    26 |     8 ||    38

Table legend: (Time is in decaauts)
 A = Elapsed time spent in this place.
 B = Non-inter-level travel time spent in this place.
 C = Inter-level travel time spent in this place.
 D = Time resting spent in this place.
 E = Time spent auto-exploring this place.
 F = Levels seen in this place.
 G = Mean time per level.
                   A        B        C        D        E       F      G
               +--------+--------+--------+--------+--------+-----+--------+
         Total |   1667 |   1543 |    124 |      0 |    953 |   5 |  333.4 |
       Dungeon |   1667 |   1543 |    124 |      0 |    953 |   5 |  333.4 |
               +--------+--------+--------+--------+--------+-----+--------+

Top non-repeatable levels by time:
     D:3: 465 daAuts
     D:2: 421 daAuts
     D:1: 297 daAuts
     D:5: 279 daAuts
     D:4: 203 daAuts
